 Dungeon Crawl Stone Soup version 0.27.0-1-g7a089689b8 (webtiles) character file.

Game seed: 5518318301616238064

60 canonizer the Skirmisher (level 4, -4/43 HPs)
             Began as a Gargoyle Berserker on Aug 10, 2021.
             Was a Believer of Trog.
             Slain by a gnoll (8 damage)
             ... on level 3 of the Dungeon.
             The game lasted 00:01:49 (2671 turns).

canonizer the Skirmisher (Gargoyle Berserker)       Turns: 2671, Time: 00:01:49

Health: -4/43      AC:  5    Str: 22    XL:     4   Next: 4%
Magic:  4/4        EV: 12    Int:  7    God:    Trog [**....]
Gold:   63         SH:  0    Dex:  9    Spells: 3/3 levels left

rFire    . . .     SeeInvis .   a - +0 hand axe
rCold    . . .     Faith    .   (no shield)
rNeg     + . .     Spirit   .   b - +0 animal skin
rPois    ∞         Reflect  .   (no helmet)
rElec    +         Harm     .   (no cloak)
rCorr    .         Rampage  .   (no gloves)
Will     .....                  (no boots)
Stlth    ..........             (no amulet)
HPRegen  0.14/turn              (no ring)
MPRegen  0.09/turn              (no ring)

@: berserking (expiring), very quick
A: sickness immunity, AC +3, negative energy resistance 1, electricity
resistance, torment resistance 1, petrification resistance
a: Renounce Religion, Berserk, Trog's Hand


You were on level 3 of the Dungeon.
You worshipped Trog.
Trog was pleased with you.
You visited 1 branch of the dungeon, and saw 3 of its levels.

You collected 63 gold pieces.

Inventory:

Hand Weapons
 a - a +0 hand axe (weapon)
Armour
 b - a +0 animal skin (worn)
Jewellery
 k - an amulet of reflection
Scrolls
 c - 4 scrolls of identify {unknown}
 d - 2 scrolls of enchant armour {unknown}
 g - a scroll of acquirement {unknown}
 i - a scroll of fear {unknown}
 l - a scroll of teleportation {unknown}
Potions
 e - 2 potions of heal wounds {unknown}
 f - a potion of ambrosia {unknown}
 h - 3 potions of berserk rage {unknown}
 j - a potion of might {unknown}


   Skills:
 + Level 4.0 Fighting
 + Level 3.4 Axes
 + Level 2.2 Armour
 + Level 2.0 Dodging
 + Level 0.6 Stealth


You had 3 spell levels left.
You didn't know any spells.
Your spell library was empty.

Dungeon Overview and Level Annotations

Branches:
Dungeon (3/15)

Altars:


Innate Abilities, Weirdness & Mutations

You are immune to sickness and miasma.
Your stone body is resilient. (AC +3)
You are immune to poison.
You resist negative energy. (rN+)
You are resistant to electric shocks. (rElec)
You are resistant to unholy torment.
You are immune to petrification.


Message History

The gnoll shouts!
You hear a shout!
A gnoll comes into view. It is wielding a +0 flail.
A gnoll comes into view. It is wielding a +0 spear.
The gnoll shouts!
You slash the jackal!
You kill the jackal!
Trog accepts your kill. The jackal closely misses you.
The gnoll hits you from afar with a +0 halberd of venom!
You hit the jackal.
You kill the jackal!
Trog accepts your kill.
A red film seems to cover your vision as you go berserk!
You feel yourself moving faster!
You feel mighty! The adder bites you. The adder completely misses you.
You feel a strong urge to attack something.
The gnoll misses you.
You hit the gnoll.
The gnoll is moderately wounded.
You slash the adder!
The gnoll hits you from afar with a +0 halberd of venom.
The gnoll hits you with a +0 flail!
* * * LOW HITPOINT WARNING * * *
You slash the gnoll!
The gnoll is almost dead.
You slash the adder!
You kill the adder!
Trog accepts your kill. The gnoll barely misses you.
You have reached level 4!
You feel stronger.
You barely miss the gnoll.
The gnoll is almost dead.
The gnoll hits you with a +0 flail.
* * * LOW HITPOINT WARNING * * *
The gnoll barely misses you.
You closely miss the gnoll.
The gnoll is almost dead.
You barely miss the gnoll. The gnoll hits you with a +0 flail!
You die...

### ..# #.# #.#
#..
...####g###.#
#.......@ggg#
.#####†###.....
#†# ###
.#########.#
.......<...#
.#########.#
.... .....#
......#


You could see 4 gnolls.

Vanquished Creatures
  2 adders (D:3)
  A worm (D:2)
  A dart slug (D:2)
  2 ball pythons
  6 endoplasms
  A giant cockroach (D:1)
  4 goblins
  2 hobgoblins
  2 jackals (D:3)
  3 bats (D:2)
  9 frilled lizards
  2 kobolds (D:1)
  4 rats
39 creatures vanquished.

Vanquished Creatures (others)
  5 plants (D:1)
5 creatures vanquished.

Grand Total: 44 creatures vanquished

Notes
Turn   | Place    | Note
-------+----------+-------------------------------------------
     0 | D:1      | canonizer the Gargoyle Berserker began the quest for the
                  | Orb.
     0 | D:1      | Reached XP level 1. HP: 14/14 MP: 1/1
   294 | D:1      | Reached XP level 2. HP: 13/19 MP: 2/2
   516 | D:1      | Found a faded altar of an unknown god.
  1916 | D:2      | Reached XP level 3. HP: 16/24 MP: 3/3
  2329 | D:2      | Reached ** piety under Trog
  2638 | D:3      | Reached skill level 4 in Fighting
  2670 | D:3      | Reached XP level 4. HP: 9/29 MP: 4/4
  2671 | D:3      | Slain by a gnoll

Illustrated notes

Levels and vault maps discovered:
D:1:      eino_arrival_cavern_d, layout_basic,
          ebering_ecumenical_altar_sacrificial, columned_hall_lemuel,
          minmay_lizard_king
D:2:      layout_basic, grunt_decor_cap, serial_bayou_crossing
D:3:      layout_loops_ring, uniq_terence

Skill      XL: |  1  2  3 |
---------------+----------+-----
Axes           | 3 |  3.4
Fighting       | 4 |  4.0
Dodging        | 2 |  2.0
Armour         | |  2.2
Stealth        | |  0.6

Action                   |  1- 3 |  4- 6 || total
-------------------------+-------+-------++-------
Melee: Hand axe          |   142 |     2 ||   144
Invok: Berserk           |     3 |       ||     3
 Stab: Sleeping          |     3 |       ||     3
Armor: Animal skin       |    40 |       ||    40
Dodge: Dodged            |    90 |     1 ||    91
